Map: 2000 Atmospheres LE

Players

Scarlett - Winner!

  • Race: Zerg Zerg

Vindicta

  • Race: Terran Terran

Event: DreamHack SC2 Masters 2021 Fall

VOD

Have the link to the VOD?

Description

Time

  • Played on: Aug. 6, 2021, 3:30 p.m.
  • Length: 13:46

All games in this series

Show
View Real Time Build Order
Export as new Build Order

Scarlett Zerg - Winner!

Build Orders: Hatch First, Lurkers 

Get SALT Encoding   

  12  0:00  Drone  
  13  0:12  Overlord  
  13  0:17  Drone  
  14  0:30  Drone x2  
  16  0:46  Hatchery  
  15  0:51  Drone  
  15  0:54  Drone  
  17  0:57  Drone  
  18  1:08  Extractor  
  17  1:12  Spawning Pool  
  17  1:15  Drone  
  17  1:19  Drone  
  18  1:27  Drone  
  19  1:38  Drone  
  20  1:50  Drone  
  21  1:59  Queen x2  
  25  2:02  Zergling x4  
  27  2:09  Drone  
  27  2:10  Overlord  
  28  2:19  Hatchery  
  28  2:22  Drone  
  28  2:33  Drone x2  
  30  2:37  Drone  
  30  2:42  Drone  
  32  2:44  Overlord  
  32  2:46  Metabolic Boost  
  32  2:53  Drone  
  32  2:57  Queen  
  35  2:58  Drone  
  35  3:05  Drone x2  
  38  3:07  Overlord  
  38  3:08  Drone x2  
  40  3:14  Queen, Drone  
  43  3:24  Drone  
  44  3:30  Drone  
  44  3:31  Queen  
  44  3:32  Overlord  
  47  3:36  Drone  
  47  3:37  Zergling x2  
  47  3:39  Queen  
  47  3:40  Drone  
  47  3:41  Drone  
  53  3:50  Drone x4  
  53  3:54  Overlord  
  57  3:58  Queen  
  57  4:02  Overlord  
  58  4:03  Overlord  
  58  4:06  Drone x2  
  58  4:08  Queen  
  62  4:14  Drone x3  
  65  4:17  Lair  
  65  4:20  Zergling x4  
  65  4:23  Zergling x4  
  69  4:27  Baneling Nest  
  69  4:28  Extractor  
  69  4:30  Drone x3  
  70  4:33  Drone x2  
  72  4:40  Drone x5  
  72  4:44  Spore Crawler  
  76  4:46  Spore Crawler  
  76  4:47  Spore Crawler  
  76  4:48  Drone x2  
  76  4:49  Drone  
  77  4:54  Zergling x2  
  77  4:55  Zergling x2  
  78  5:01  Zergling x4  
  78  5:02  Queen  
  80  5:11  Drone x8  
  88  5:15  Overseer  
  88  5:17  Overlord  
  88  5:22  Centrifical Hooks  
  88  5:23  Extractor x2  
  88  5:27  Overseer, Overlord  
  88  5:28  Overlord  
  86  5:30  Hatchery, Drone x3  
  88  5:37  Evolution Chamber x2  
  86  5:44  Overlord x3  
  86  5:49  Zergling x16  
  94  5:56  Queen x2  
  94  6:01  Zergling x10  
  94  6:03  Queen  
  101  6:17  Zergling x14  
  103  6:21  Baneling x4  
  103  6:22  Zerg Melee Weapons Level 1  
  99  6:28  Zerg Ground Armor Level 1  
  99  6:32  Queen x2  
  93  6:53  Drone  
  93  6:54  Drone x10  
  104  6:57  Baneling x5  
  104  7:08  Hatchery  
  103  7:09  Drone  
  103  7:10  Queen, Drone x3  
  103  7:11  Baneling, Hatchery  
  103  7:12  Baneling x11  
  108  7:16  Overseer, Pneumatized Carapace  
  105  7:27  Zergling x22  
  107  7:38  Zergling x8  
  107  7:42  Drone  
  107  7:43  Drone  
  112  7:44  Overlord  
  112  7:46  Queen  
  112  7:50  Zergling x20  
  123  7:57  Baneling x2  
  123  8:00  Drone x3  
  123  8:05  Zergling x4  
  128  8:06  Baneling x17  
  128  8:07  Baneling x3  
  128  8:10  Baneling x2  
  124  8:22  Drone  
  124  8:23  Extractor  
  124  8:24  Drone x3  
  124  8:25  Drone x11  
  138  8:27  Spine Crawler  
  138  8:28  Baneling x8  
  138  8:30  Spore Crawler  
  136  8:34  Zergling x10  
  140  8:46  Zergling x18  
  149  8:49  Extractor  
  149  8:55  Spore Crawler  
  147  8:57  Spore Crawler  
  139  9:08  Zergling x28  
  153  9:12  Zerg Melee Weapons Level 2, Zerg Ground Armor Level 2  
  153  9:13  Spine Crawler  
  153  9:14  Spine Crawler  
  153  9:15  Drone, Spine Crawler x2, Hydralisk Den  
  153  9:16  Drone  
  153  9:17  Extractor, Drone x2, Infestation Pit  
  152  9:18  Spine Crawler  
  146  9:25  Zergling x14  
  152  9:33  Drone x2  
  152  9:34  Drone x3  
  153  9:40  Zergling x8  
  153  9:41  Zergling x14  
  153  9:42  Baneling x18  
  153  9:44  Zergling x4, Spine Crawler x2  
  164  9:48  Overlord x3  
  152  10:05  Zergling x20  
  133  10:16  Drone x8  
  133  10:17  Extractor x2  
  133  10:20  Zergling x22  
  137  10:24  Hive  
  137  10:25  Lurker Den  
  137  10:26  Hatchery  
  128  10:37  Zergling x26  
  128  10:42  Drone x3  
  141  10:43  Drone x3  
  141  10:45  Extractor  
  141  10:47  Zergling x2  
  144  10:50  Drone x4  
  144  10:54  Zergling x8  
  152  10:59  Overseer  
  152  11:02  Overlord x3  
  146  11:11  Baneling x10  
  146  11:19  Drone  
  146  11:20  Drone x4  
  146  11:23  Overlord x3  
  147  11:28  Zerg Missile Weapons Level 1  
  146  11:39  Zergling x54  
  173  11:41  Baneling x18  
  159  11:55  Seismic Spines  
  159  12:00  Zergling x36  
  175  12:09  Zergling x18  
  179  12:23  Hydralisk x6  
  185  12:33  Zergling x26  
  184  12:42  Zergling x22  
  180  12:49  Zergling x10  
  177  12:56  Lurker  
  177  12:57  Lurker x5  
  177  12:58  Hydralisk x5  
  176  13:00  Zergling x4  
  184  13:08  Drone x2  
  184  13:09  Drone  
  187  13:13  Extractor x2  
  181  13:20  Hatchery  
  181  13:22  Zergling x32  
  181  13:23  Zergling x6  
  181  13:24  Baneling x5  
Show
View Real Time Build Order
Export as new Build Order

Vindicta Terran 

Build Orders: Reaper Expand, Hellion Banshee 

Get SALT Encoding   

  12  0:00  SCV  
  13  0:12  SCV  
  14  0:17  Supply Depot  
  14  0:24  SCV  
  15  0:39  SCV  
  15  0:40  Barracks  
  16  0:44  Refinery  
  16  0:51  SCV  
  17  1:03  SCV  
  18  1:15  SCV  
  19  1:28  Reaper  
  19  1:29  Orbital Command  
  20  1:41  Command Center  
  20  1:55  SCV  
  20  2:00  Marine  
  22  2:03  Supply Depot  
  22  2:07  SCV  
  23  2:10  Factory  
  23  2:20  Barracks Reactor  
  23  2:24  SCV  
  24  2:36  SCV  
  25  2:43  Command Center  
  25  2:50  SCV  
  26  2:55  Orbital Command  
  26  3:03  Hellion x2  
  30  3:05  Marine  
  30  3:08  SCV  
  32  3:15  Starport  
  32  3:20  SCV  
  32  3:22  Refinery, SCV  
  34  3:32  SCV, Barracks Tech Lab  
  35  3:35  Hellion  
  35  3:36  Hellion  
  35  3:38  SCV  
  40  3:44  SCV  
  41  3:50  SCV  
  41  3:55  Orbital Command  
  42  3:56  SCV  
  42  3:58  Hellion  
  48  4:02  Hellion  
  48  4:04  Cloaking Field  
  48  4:08  Banshee  
  51  4:10  SCV  
  51  4:12  SCV  
  52  4:18  Supply Depot  
  52  4:22  SCV  
  52  4:23  Armory  
  53  4:25  SCV  
  53  4:29  Hellion  
  53  4:30  Barracks Tech Lab, Hellion  
  58  4:33  SCV  
  58  4:35  SCV  
  60  4:41  SCV  
  61  4:45  Supply Depot, SCV  
  61  4:47  SCV  
  61  4:51  Banshee  
  66  4:53  SCV  
  66  4:55  Hellion  
  66  4:58  Supply Depot  
  69  5:09  SCV  
  69  5:10  Stimpack  
  69  5:13  Supply Depot  
  72  5:14  SCV  
  71  5:24  SCV, Barracks  
  71  5:25  SCV  
  71  5:26  Barracks  
  71  5:27  Refinery x2, Engineering Bay x2  
  73  5:33  SCV  
  74  5:36  SCV  
  76  5:45  SCV, Orbital Command  
  76  5:48  Marine, Starport Reactor  
  77  5:56  Barracks x2  
  77  5:58  Drilling Claws  
  77  5:59  Widow Mine  
  77  6:01  SCV  
  77  6:02  Terran Infantry Armor Level 1, Terran Infantry Weapons Level 1  
  77  6:03  SCV  
  80  6:13  SCV  
  80  6:17  SCV  
  76  6:23  Barracks Reactor  
  76  6:24  Widow Mine  
  78  6:25  SCV  
  78  6:27  Marine  
  78  6:29  SCV  
  78  6:32  Marine, Orbital Command  
  76  6:37  Marine  
  76  6:39  SCV  
  74  6:41  Medivac x2  
  74  6:43  SCV  
  74  6:44  Barracks Reactor, Factory  
  74  6:45  Marine, Barracks Reactor  
  72  6:48  Widow Mine  
  72  6:50  Marine  
  72  6:51  SCV  
  76  6:55  Marine, SCV  
  76  6:56  Barracks  
  76  6:57  SCV, Barracks  
  76  6:59  Marine  
  76  7:00  Supply Depot  
  80  7:03  Marine, SCV  
  80  7:06  Supply Depot  
  80  7:07  Marine, SCV  
  84  7:09  SCV  
  84  7:10  Marine  
  88  7:15  SCV  
  88  7:17  Marine, Medivac x2  
  88  7:18  Supply Depot  
  88  7:21  SCV  
  88  7:22  Marine, SCV  
  95  7:29  Supply Depot  
  94  7:30  Supply Depot  
  94  7:36  Marine x3  
  93  7:38  Marine  
  93  7:39  SCV x2  
  93  7:41  Combat Shield  
  93  7:42  Marine x3, Factory Reactor  
  99  7:45  SCV  
  99  7:47  Refinery, Medivac  
  99  7:48  Barracks Reactor x2  
  102  7:51  SCV  
  102  7:52  Marine, Medivac  
  102  7:54  Marine  
  102  7:55  Marine  
  109  7:58  Marine  
  109  7:59  Supply Depot, Widow Mine  
  109  8:00  SCV  
  109  8:01  Marine  
  109  8:02  Marine  
  114  8:05  Marine x2  
  114  8:06  Marine  
  114  8:10  Marine  
  114  8:12  Marine  
  119  8:14  Marine  
  119  8:16  Marine  
  115  8:20  Marine x2, Widow Mine  
  115  8:23  Widow Mine x2  
  115  8:25  Terran Infantry Weapons Level 2  
  115  8:26  Terran Infantry Armor Level 2  
  121  8:28  Marine  
  121  8:29  Marine  
  121  8:31  Marine  
  124  8:36  Marine x2  
  124  8:37  Marine  
  124  8:38  Command Center  
  124  8:40  Marine  
  124  8:41  Marine x3  
  127  8:42  Widow Mine  
  127  8:43  Marine  
  127  8:45  Marine, Widow Mine  
  135  8:49  Marine  
  135  8:50  Marine x2  
  135  8:52  Widow Mine  
  141  8:59  Medivac  
  141  9:01  Marine x2  
  138  9:03  Widow Mine  
  138  9:08  Widow Mine  
  138  9:09  Marine x2  
  141  9:16  Supply Depot  
  141  9:21  Supply Depot  
  141  9:22  Widow Mine  
  143  9:25  Marine, Widow Mine  
  143  9:26  Marine  
  143  9:27  Marine x2  
  143  9:30  Widow Mine  
  145  9:33  Medivac  
  145  9:34  Medivac  
  147  9:38  Refinery  
  147  9:40  Marine  
  147  9:41  Marine  
  147  9:44  Widow Mine  
  147  9:45  Marine  
  152  9:46  Marine x4, Widow Mine  
  152  9:50  Orbital Command  
  152  9:51  Widow Mine  
  152  10:00  Marine  
  152  10:05  Widow Mine  
  138  10:07  Marine x2  
  138  10:08  Widow Mine  
  138  10:13  Widow Mine  
  119  10:15  Marine x2  
  119  10:16  Marine  
  119  10:17  Marine, SCV x2  
  119  10:20  Marine x2  
  122  10:25  Marine x3  
  122  10:27  Widow Mine  
  127  10:29  Widow Mine  
  127  10:34  Widow Mine  
  127  10:35  Marine x3  
  121  10:40  Marine x2  
  121  10:42  SCV  
  125  10:44  SCV x2  
  130  10:52  Widow Mine  
  130  10:53  Marine  
  130  10:54  SCV  
  130  10:56  SCV x2, Planetary Fortress  
  136  11:01  Terran Infantry Weapons Level 3  
  131  11:07  Marine x3  
  131  11:08  Orbital Command  
  131  11:10  Marine  
  131  11:11  Widow Mine  
  131  11:12  Marine x2  
  131  11:14  Marine  
  130  11:31  SCV x2  
  133  11:37  Marine  
  133  11:38  Barracks  
  137  11:40  Siege Tank  
  137  11:47  Marine  
  133  11:48  Sensor Tower  
  129  11:56  Siege Tank  
  129  11:57  Sensor Tower  
  129  12:00  SCV x2  
  133  12:06  SCV x2  
  130  12:10  Refinery  
  130  12:11  Barracks Tech Lab  
  130  12:12  SCV x2, Siege Tank  
  135  12:18  Marine  
  135  12:22  Marine  
  133  12:24  Marine x2, Barracks Tech Lab  
  133  12:25  Marine  
  133  12:26  Marine x3, Barracks Tech Lab  
  133  12:29  Siege Tank  
  140  12:30  Marine  
  140  12:32  Orbital Command  
  140  12:35  Marine  
  113  12:40  Marine  
  113  12:42  Marine x3  
  113  12:43  Marauder  
  99  12:44  Widow Mine, Orbital Command  
  99  12:45  Marine x2  
  99  12:46  Marine x2  
  99  12:48  Marauder  
  89  12:52  Orbital Command  
  89  12:53  Marine  
  89  12:54  SCV  
  89  12:58  Marine  
  91  13:00  Marine x3  
  91  13:01  Siege Tank  
  91  13:03  Marine x2, SCV  
  91  13:04  Marine, Marauder  
  91  13:05  Marine  
  102  13:06  Widow Mine  
  102  13:09  Marauder  
  102  13:11  Marine  
  102  13:12  SCV  
  109  13:16  Marine  
  109  13:19  Marine, SCV x2  
  111  13:24  Marine x3  
  111  13:26  SCV  
  116  13:31  SCV  

Tags
 
Add a new tag
Caveats
  • Supply blocks, unpowered buildings, or Contaminate may cause inaccurate times.
  • Supply counts are checked every 10 seconds.